[ AOE2 MATCH · #513814195 ]
UnrankedItalians vs Chinese
Player's team · WIN
Rival team · LOSS
[ REPLAY ANALYSIS · EXTRACTED FROM THE RECORDED GAME ]
Feudal
11:52
Castle
18:59
Imperial
36:36
| APM avg | 37.3 |
| APM peak | 75 |
| eAPM avg | 23.1 |
| Villagers / military | 76 / 66 |
Focus
⚔️ 45.8% · 🌾 54.2%
Archer ×42 · Fishing Ship ×28 · Skirmisher ×11 · Unknown (882) ×11 · Mangonel ×6 · Hulk ×4
Feudal
13:30
Castle
17:03
Imperial
—
| APM avg | 39.1 |
| APM peak | 76 |
| eAPM avg | 20.0 |
| Villagers / military | 55 / 142 |
Focus
⚔️ 53.6% · 🌾 46.4%
Chu Ko Nu ×116 · Battering Ram ×15 · Iron Pagoda ×11 · Fishing Ship ×6
Match map
Initial resources + every placement click. Lines = walls · curves = elevation contours. ◆ gold · ⬟ stone · ● berries · ✦ relic · ◌ wall gap
Your base· Open — 15t gap
Tam nsnd's base· Open — 3t gap
Smoothed initial terrain · ◌ = detected wall gap · hover for details
Inputs per minute
— Lic. VELEZ Y VINO - - Tam nsnd
Build order — Lic. VELEZ Y VINO
First 150 of 250 actions detected
| 0:17 | Build | House |
| 0:23 | Build | Town Center |
| 1:27 | Build | Dock |
| 1:41 | Build | Palisade Wall |
| 1:45 | Build | Palisade Wall |
| 1:51 | Build | Palisade Wall |
| 1:54 | Build | Palisade Wall |
| 2:31 | Queue | Villager (Male) ×4 |
| 2:31 | Queue | Villager (Male) ×4 |
| 3:29 | Queue | Fishing Ship |
| 3:29 | Queue | Fishing Ship |
| 4:19 | Queue | Villager (Male) |
| 4:20 | Queue | Villager (Male) |
| 4:35 | Build | House |
| 4:46 | Queue | Villager (Male) |
| 4:46 | Queue | Villager (Male) |
| 5:08 | Queue | Villager (Male) |
| 5:09 | Queue | Villager (Male) |
| 5:19 | Queue | Fishing Ship |
| 5:20 | Queue | Fishing Ship |
| 5:20 | Queue | Fishing Ship |
| 5:34 | Queue | Villager (Male) |
| 5:35 | Queue | Villager (Male) |
| 5:48 | Build | House |
| 6:11 | Queue | Villager (Male) |
| 6:11 | Queue | Villager (Male) |
| 6:12 | Queue | Villager (Male) |
| 6:24 | Queue | Fishing Ship |
| 6:47 | Queue | Villager (Male) |
| 6:48 | Queue | Villager (Male) |
| 6:48 | Queue | Villager (Male) |
| 6:48 | Queue | Villager (Male) |
| 7:16 | Queue | Fishing Ship |
| 7:20 | Queue | Villager (Male) |
| 7:20 | Queue | Villager (Male) |
| 7:31 | Queue | Villager (Male) |
| 7:47 | Build | House |
| 8:14 | Queue | Villager (Male) |
| 8:15 | Queue | Villager (Male) |
| 8:15 | Queue | Villager (Male) |
| 8:16 | Queue | Villager (Male) |
| 8:17 | Queue | Villager (Male) |
| 8:17 | Queue | Villager (Male) |
| 8:20 | Queue | Fishing Ship |
| 9:09 | Build | Mining Camp |
| 9:37 | Research | Feudal Age |
| 9:48 | Build | House |
| 9:50 | Build | House |
| 9:51 | Build | Palisade Wall |
| 10:23 | Build | Lumber Camp |
| 10:59 | Queue | Villager (Male) |
| 11:06 | Queue | Fishing Ship |
| 11:43 | Queue | Fishing Ship |
| 11:52 | Age | Feudal Age |
| 11:55 | Queue | Hulk |
| 12:01 | Research | Double-Bit Axe |
| 12:03 | Queue | Villager (Male) |
| 12:09 | Build | Dock |
| 12:25 | Queue | Villager (Male) |
| 12:38 | Queue | Villager (Male) |
| 12:44 | Research | Loom |
| 12:49 | Queue | Hulk |
| 12:58 | Queue | Villager (Male) |
| 13:08 | Build | House |
| 13:08 | Build | House |
| 13:13 | Queue | Hulk |
| 13:17 | Queue | Villager (Male) |
| 13:29 | Queue | Hulk |
| 13:56 | Build | Mill |
| 14:25 | Build | Dock |
| 14:27 | Queue | Fishing Ship |
| 14:27 | Queue | Fishing Ship |
| 14:28 | Queue | Villager (Male) |
| 15:09 | Build | House |
| 15:18 | Build | Blacksmith |
| 15:21 | Queue | Villager (Male) |
| 15:28 | Build | Market |
| 15:54 | Queue | Villager (Male) |
| 15:59 | Research | Fishing Lines |
| 16:08 | Research | Castle Age |
| 16:09 | Research | Castle Age |
| 16:26 | Queue | Fishing Ship ×5 |
| 16:37 | Build | Barracks |
| 16:54 | Research | Fletching |
| 17:07 | Queue | Villager (Male) |
| 17:16 | Build | Lumber Camp |
| 17:31 | Research | Gold Mining |
| 17:36 | Build | House |
| 17:37 | Build | House |
| 17:54 | Build | Archery Range |
| 18:04 | Build | Archery Range |
| 18:06 | Build | Archery Range |
| 18:51 | Queue | Archer |
| 18:59 | Age | Castle Age |
| 19:01 | Research | Bodkin Arrow |
| 19:02 | Research | Crossbowman (upgrade) |
| 19:03 | Queue | Archer |
| 19:03 | Queue | Archer |
| 19:03 | Queue | Archer |
| 19:11 | Research | Bow Saw |
| 19:25 | Build | House |
| 19:41 | Queue | Villager (Male) |
| 19:47 | Queue | Archer |
| 20:09 | Queue | Villager (Male) |
| 20:11 | Build | Town Center |
| 20:13 | Queue | Villager (Male) |
| 20:25 | Build | House |
| 20:32 | Queue | Archer |
| 20:35 | Research | Padded Archer Armor |
| 20:44 | Build | House |
| 21:11 | Queue | Villager (Male) |
| 21:11 | Queue | Villager (Male) |
| 22:09 | Build | Siege Workshop |
| 22:16 | Queue | Archer |
| 22:17 | Queue | Archer |
| 22:17 | Queue | Archer |
| 22:20 | Queue | Villager (Male) |
| 22:44 | Build | House |
| 22:44 | Build | House |
| 23:04 | Queue | Mangonel |
| 23:30 | Queue | Villager (Male) |
| 23:31 | Queue | Villager (Male) |
| 23:31 | Queue | Villager (Male) |
| 23:34 | Build | House |
| 23:49 | Queue | Mangonel |
| 24:11 | Queue | Archer |
| 24:11 | Queue | Archer |
| 24:12 | Queue | Archer |
| 24:12 | Queue | Villager (Male) |
| 24:12 | Queue | Villager (Male) |
| 24:27 | Queue | Villager (Male) |
| 24:36 | Build | Dock |
| 24:59 | Queue | Archer |
| 24:59 | Queue | Archer |
| 25:12 | Queue | Mangonel |
| 25:12 | Queue | Mangonel |
| 25:20 | Queue | Villager (Male) |
| 25:21 | Queue | Villager (Male) |
| 25:21 | Queue | Villager (Male) |
| 25:26 | Research | Gillnets |
| 25:55 | Queue | Villager (Male) |
| 25:55 | Queue | Villager (Male) |
| 26:21 | Queue | Mangonel |
| 26:25 | Queue | Archer |
| 26:26 | Queue | Archer |
| 26:26 | Queue | Archer |
| 26:42 | Build | University |
| 26:48 | Queue | Villager (Male) |
| 26:53 | Build | House |
| 27:10 | Queue | Fishing Ship |
Build order — Tam nsnd
First 150 of 244 actions detected
| 0:11 | Build | Town Center |
| 1:09 | Build | Dock |
| 2:17 | Research | Loom |
| 2:17 | Research | Loom |
| 3:20 | Queue | Villager (Male) |
| 3:44 | Queue | Villager (Male) |
| 3:44 | Queue | Villager (Male) |
| 4:08 | Queue | Villager (Male) |
| 4:09 | Queue | Villager (Male) |
| 4:13 | Queue | Fishing Ship |
| 4:31 | Queue | Villager (Male) |
| 4:32 | Queue | Villager (Male) |
| 4:53 | Queue | Villager (Male) |
| 5:21 | Queue | Villager (Male) |
| 5:22 | Queue | Villager (Male) |
| 5:28 | Build | House |
| 5:47 | Queue | Villager (Male) |
| 5:48 | Queue | Villager (Male) |
| 6:07 | Queue | Villager (Male) |
| 6:07 | Queue | Villager (Male) |
| 6:10 | Queue | Fishing Ship |
| 6:40 | Queue | Villager (Male) |
| 6:40 | Queue | Villager (Male) |
| 6:49 | Queue | Villager (Male) |
| 6:49 | Queue | Villager (Male) |
| 7:03 | Queue | Fishing Ship |
| 7:07 | Build | House |
| 7:25 | Queue | Villager (Male) |
| 7:25 | Queue | Villager (Male) |
| 7:29 | Queue | Villager (Male) |
| 7:29 | Queue | Villager (Male) |
| 7:45 | Queue | Villager (Male) |
| 7:46 | Queue | Villager (Male) |
| 7:46 | Queue | Villager (Male) |
| 8:08 | Build | Mining Camp |
| 8:13 | Queue | Villager (Male) |
| 8:36 | Queue | Villager (Male) |
| 8:37 | Queue | Fishing Ship |
| 8:52 | Build | House |
| 9:42 | Queue | Villager (Male) |
| 9:43 | Queue | Fishing Ship |
| 9:47 | Queue | Fishing Ship |
| 9:48 | Queue | Villager (Male) |
| 10:15 | Build | House |
| 10:50 | Queue | Villager (Male) |
| 11:05 | Build | Mill |
| 11:20 | Research | Feudal Age |
| 11:21 | Research | Feudal Age |
| 12:13 | Build | House |
| 13:03 | Queue | Villager (Male) |
| 13:30 | Age | Feudal Age |
| 13:32 | Build | Market |
| 13:35 | Build | Blacksmith |
| 13:39 | Queue | Villager (Male) |
| 14:23 | Research | Castle Age |
| 14:41 | Build | Lumber Camp |
| 14:46 | Build | Mining Camp |
| 15:14 | Research | Double-Bit Axe |
| 15:18 | Build | Farm |
| 15:20 | Build | Farm |
| 15:29 | Build | Farm |
| 16:08 | Build | Farm |
| 16:10 | Queue | Villager (Male) |
| 16:15 | Research | Fletching |
| 16:16 | Research | Fletching |
| 16:29 | Build | House |
| 17:03 | Age | Castle Age |
| 17:06 | Build | Castle |
| 17:08 | Queue | Villager (Male) |
| 17:26 | Queue | Villager (Male) |
| 17:39 | Research | Bodkin Arrow |
| 17:56 | Queue | Villager (Male) |
| 17:56 | Queue | Villager (Male) |
| 17:57 | Queue | Chu Ko Nu |
| 17:57 | Queue | Chu Ko Nu |
| 17:58 | Queue | Chu Ko Nu |
| 18:06 | Queue | Chu Ko Nu |
| 18:07 | Queue | Chu Ko Nu |
| 18:12 | Queue | Chu Ko Nu |
| 18:16 | Queue | Chu Ko Nu |
| 18:17 | Queue | Chu Ko Nu |
| 18:36 | Build | Siege Workshop |
| 18:38 | Queue | Chu Ko Nu |
| 18:39 | Queue | Chu Ko Nu |
| 18:40 | Queue | Villager (Male) |
| 18:40 | Queue | Villager (Male) |
| 18:50 | Queue | Chu Ko Nu |
| 18:51 | Queue | Chu Ko Nu |
| 19:15 | Queue | Chu Ko Nu |
| 19:25 | Queue | Chu Ko Nu |
| 19:25 | Queue | Chu Ko Nu |
| 19:29 | Queue | Villager (Male) |
| 19:29 | Queue | Villager (Male) |
| 19:34 | Queue | Chu Ko Nu |
| 19:35 | Queue | Chu Ko Nu |
| 19:49 | Research | Padded Archer Armor |
| 19:49 | Research | Padded Archer Armor |
| 19:57 | Queue | Chu Ko Nu |
| 20:04 | Queue | Chu Ko Nu |
| 20:05 | Queue | Chu Ko Nu |
| 20:26 | Queue | Chu Ko Nu |
| 20:27 | Queue | Villager (Male) |
| 20:32 | Queue | Villager (Male) |
| 20:33 | Queue | Villager (Male) |
| 20:37 | Build | Farm |
| 20:41 | Queue | Iron Pagoda |
| 20:43 | Queue | Chu Ko Nu |
| 20:43 | Queue | Chu Ko Nu |
| 21:04 | Queue | Chu Ko Nu |
| 21:18 | Queue | Chu Ko Nu |
| 21:18 | Queue | Chu Ko Nu |
| 21:27 | Queue | Chu Ko Nu |
| 21:39 | Queue | Chu Ko Nu |
| 21:40 | Queue | Chu Ko Nu |
| 21:53 | Queue | Chu Ko Nu |
| 21:53 | Queue | Chu Ko Nu |
| 22:05 | Queue | Iron Pagoda |
| 22:05 | Queue | Iron Pagoda |
| 22:09 | Queue | Chu Ko Nu |
| 22:10 | Queue | Chu Ko Nu |
| 22:18 | Queue | Chu Ko Nu |
| 22:19 | Queue | Chu Ko Nu |
| 22:27 | Queue | Chu Ko Nu |
| 22:27 | Queue | Chu Ko Nu |
| 22:45 | Queue | Chu Ko Nu |
| 22:45 | Queue | Chu Ko Nu |
| 22:57 | Queue | Chu Ko Nu |
| 22:57 | Queue | Chu Ko Nu |
| 23:07 | Queue | Villager (Male) |
| 23:07 | Queue | Villager (Male) |
| 23:08 | Queue | Villager (Male) |
| 23:08 | Queue | Chu Ko Nu |
| 23:09 | Queue | Chu Ko Nu |
| 23:17 | Queue | Chu Ko Nu |
| 23:17 | Queue | Chu Ko Nu |
| 23:19 | Queue | Villager (Male) |
| 23:20 | Queue | Villager (Male) |
| 23:27 | Queue | Chu Ko Nu |
| 23:27 | Queue | Chu Ko Nu |
| 23:30 | Queue | Iron Pagoda |
| 23:31 | Queue | Chu Ko Nu |
| 23:31 | Queue | Chu Ko Nu |
| 23:40 | Queue | Chu Ko Nu |
| 23:40 | Queue | Chu Ko Nu |
| 23:49 | Queue | Villager (Male) |
| 23:50 | Queue | Villager (Male) |
| 24:10 | Queue | Chu Ko Nu |
| 24:10 | Queue | Chu Ko Nu |
| 24:25 | Queue | Chu Ko Nu |
| 24:31 | Queue | Chu Ko Nu |
Match timeline
| 1:09 | Tam nsnd · first_building Dock |
| 1:27 | Lic. VELEZ Y VINO · first_building Dock |
| 1:41 | Lic. VELEZ Y VINO · wall_segment Palisade Wall x1 |
| 1:45 | Lic. VELEZ Y VINO · wall_segment Palisade Wall x1 |
| 1:51 | Lic. VELEZ Y VINO · wall_segment Palisade Wall x1 |
| 1:54 | Lic. VELEZ Y VINO · wall_segment Palisade Wall x1 |
| 9:51 | Lic. VELEZ Y VINO · wall_segment Palisade Wall x1 |
| 11:52 | Lic. VELEZ Y VINO · age_up feudal |
| 13:30 | Tam nsnd · age_up feudal |
| 14:22 | Tam nsnd · first_market_sell 100 stone |
| 16:13 | Tam nsnd · first_market_buy 100 food |
| 16:37 | Lic. VELEZ Y VINO · first_building Barracks |
| 17:03 | Tam nsnd · age_up castle |
| 17:06 | Tam nsnd · first_building Castle |
| 17:54 | Lic. VELEZ Y VINO · first_building Archery Range |
| 18:36 | Tam nsnd · first_building Siege Workshop |
| 18:59 | Lic. VELEZ Y VINO · age_up castle |
| 20:05 | Lic. VELEZ Y VINO · first_market_sell 100 food |
| 20:08 | Lic. VELEZ Y VINO · first_market_buy 100 wood |
| 22:09 | Lic. VELEZ Y VINO · first_building Siege Workshop |
| 27:30 | Lic. VELEZ Y VINO · first_building Castle |
| 36:36 | Lic. VELEZ Y VINO · age_up imperial |
| 46:25 | Tam nsnd · resign |
[ AI ANALYSIS · 1 CREDIT ]
What really happened in this match?
Wolo.gg analyzes every decision: build order, eco, micro, common mistakes by bracket. Personalized analysis on WhatsApp or Discord in 30 seconds.
Civ guide
Italians
Perfil
Jugador #235357